 Dungeon Crawl Stone Soup version 0.19-a0-854-gc78d25d (webtiles) character file.

14 Implojin the Shield-Bearer (level 2, -1/26 HPs)
             Began as a Minotaur Fighter on July 1, 2016.
             Slain by an orc
             ... wielding a +2 hand axe of electrocution
              (15 damage)
             ... on level 3 of the Dungeon.
             The game lasted 00:01:06 (186 turns).

Implojin the Shield-Bearer (Minotaur Fighter)        Turns: 186, Time: 00:01:06

Health: -1/26      AC:  6    Str: 20    XL:     2   Next: 27%
Magic:  1/1        EV:  7    Int:  5    God:
Gold:   0          SH:  9    Dex:  9    Spells: 0 memorised, 1 level left

rFire  . . .     SeeInvis .     a - +0 war axe
rCold  . . .     Gourm    +     b - +0 scale mail
rNeg   . . .     Faith    .     c - +0 shield
rPois  .         Spirit   .     (helmet restricted)
rElec  .         Dismiss  .     (no cloak)
rCorr  .         Reflect  .     (no gloves)
SustAt .         Harm     .     (no boots)
MR     .....                    g - amulet of the gourmand
Stlth  ..........               (no ring)
                                (no ring)

@: not resistant to hostile enchantments, extremely unstealthy
A: retaliatory headbutt, horns 2
a: no special abilities


You were on level 3 of the Dungeon.
You were not hungry.

You visited 1 branch of the dungeon, and saw 3 of its levels.

Inventory:

Hand Weapons
 a - a +0 war axe (weapon)
Armour
 b - a +0 scale mail (worn)
 c - a +0 shield (worn)
 h - a +0 chain mail
Jewellery
 g - an amulet of the gourmand (around neck)
Potions
 d - a potion of might
 e - a potion of curing {unknown}
 i - a potion of invisibility {unknown}
 j - a potion of heal wounds {unknown}
Comestibles
 f - a bread ration


   Skills:
 - Level 3.6 Fighting
 * Level 3.6 Axes
 - Level 3.6 Armour
 - Level 3.6 Shields


You had one spell level left.
You didn't know any spells.

Dungeon Overview and Level Annotations

Branches:
Dungeon (3/15)

Altars:


Innate Abilities, Weirdness & Mutations

You reflexively headbutt those who attack you in melee.
You have a pair of horns on your head.


Message History

There is an open door here.
You see here a chain mail.
Found a stone staircase leading down.
Found an emerald potion.
j - an emerald potion
There is a stone staircase leading down here.
You climb downwards.
There is a stone staircase leading up here.
Unknown command.
A kobold comes into view.
The kobold shouts!
An orc comes into view. It is wielding a flail.
A rat comes into view.
The orc shouts!
An orc comes into view.
It is wielding a hand axe of electrocution.
The orc shouts!
You slash the kobold!
You kill the kobold!
An adder and a worm come into view.
You closely miss the rat.
The adder hisses angrily.
Your headbutt misses the rat. The rat bites you but does no damage.
You slash the rat!
You kill the rat!
You block the orc's attack.
You barely miss the orc. You block the orc's attack.
You closely miss the orc. Your headbutt misses the orc.
The orc hits you with a flail.
* * * LOW HITPOINT WARNING * * *
Unknown command.
You hit the orc. Your headbutt misses the orc.
The orc is heavily wounded.
The orc hits you but does no damage.
You hit the orc but do no damage.
The orc is heavily wounded.
The orc hits you with a hand axe of electrocution.
* * * LOW HITPOINT WARNING * * *
You are electrocuted!
Ouch! That really hurt!
You die...

.. .. . ##. .. #..
... #.# .. ...###
#.# #########.
......###.#
#.........
#.....#####.### #.
##@o#.........##
#.
#o##########..###.
.wS# #...##. .....
#...... .....##
##.###. ..... #.#
#. ..... #.# #.
...... ..# ## ...


You could see a worm, an adder and 2 orcs.

Vanquished Creatures
  A bat (D:2)
  2 goblins (D:2)
  A hobgoblin (D:2)
  4 jackals (D:2)
  A quokka (D:2)
  A kobold (D:3)
  A rat (D:3)
11 creatures vanquished.

Notes
Turn   | Place    | Note
-------+----------+-------------------------------------------
     0 | D:1      | Implojin the Minotaur Fighter began the quest for the Orb.
     0 | D:1      | Reached XP level 1. HP: 19/19 MP: 0/0
    70 | D:2      | Reached skill level 3 in Axes
   107 | D:2      | Reached XP level 2. HP: 14/26 MP: 1/1
   186 | D:3      | Slain by an orc

Vault maps used:
D:1:      lemuel_arrival_broad_hall
D:2:      ecumenical_altar_1, kennysheep_generic_room_5, uniq_iyjb

Skill      XL: |  1 |
---------------+----+-----
Axes           | 3 |  3.6
Fighting       | |  3.6
Armour         | |  3.6
Shields        | |  3.6

Action                   || total
-------------------------++-------
Melee: War axe           ||    19
       Headbutt          ||     2
Armor: Scale mail        ||    16
Dodge: Dodged            ||    12
Block: Shield            ||    16

Table legend:
 A = Turns spent in this place as a percentage of turns spent in the entire game.
 B = Non-inter-level travel turns spent in this place as a percentage of non-inter-level travel turns spent in the entire game.
 C = Inter-level travel turns spent in this place as a percentage of turns spent in this place.
 D = Turns resting spent in this place as a percentage of non-inter-level travel turns spent in this place.
 E = Turns spent auto-exploring this place as a percentage of non-inter-level travel turns spent in this place.
 F = Non-inter-level travel turns spent in this place divided by the number of levels of this place that you've seen.
                   A       B       C       D       E      F
               +-------+-------+-------+-------+-------+----------------------
         Total | 100.0 | 100.0 |   0.0 |   0.0 |   0.0 |  66.7
       Dungeon | 100.0 | 100.0 |   0.0 |   0.0 |   0.0 |  66.7
               +-------+-------+-------+-------+-------+----------------------

Table legend:
 A = Kills in this place as a percentage of kills in entire the game.
 B = Kills by you in this place as a percentage of kills by you in the entire game.
 C = Kills by friends in this place as a percentage of kills by friends in the entire game.
 D = Other kills in this place as a percentage of other kills in the entire game.
 E = Experience gained in this place as a percentage of experience gained in the entire game.
 F = Experience gained in this place divided by the number of levels of this place that you have seen.
                   A       B       C       D       E      F
               +-------+-------+-------+-------+-------+----------------------
         Total | 100.0 | 100.0 |  -nan |  -nan | 100.0 |   6.7
       Dungeon | 100.0 | 100.0 |  -nan |  -nan | 100.0 |   6.7
               +-------+-------+-------+-------+-------+----------------------
